 Dungeon Crawl Stone Soup version 0.25.1-8-g42b30a86e7 (webtiles) character file.

Game seed: 18198834641553695194

2130 KamiKatze the Destroyer (level 9, -4/40 HPs)
             Began as a Felid Conjurer on Dec 15, 2020.
             Was a Priest of Vehumet.
             Killed from afar by a manticore (18 damage)
             ... with a volley of spikes
             ... on level 11 of the Dungeon.
             The game lasted 01:22:27 (13364 turns).

KamiKatze the Destroyer (Felid Conjurer)           Turns: 13364, Time: 01:22:28

Health: -4/40      AC:  2    Str: 10    XL:     9   Next: 9%
Magic:  5/21       EV: 21    Int: 19    God:    Vehumet [***...]
Gold:   679        SH:  0    Dex: 18    Spells: 12/23 levels left
                                        Lives:  0   Deaths: 3

rFire    . . .     SeeInvis +     - Unarmed
rCold    . . .     Gourm    .   (shield unavailable)
rNeg     . . .     Faith    .   (armour unavailable)
rPois    .         Spirit   .   (helmet unavailable)
rElec    .         Reflect  .   (cloak unavailable)
rCorr    .         Harm     .   (gloves unavailable)
MR       +....                  (boots unavailable)
Stlth    ++++......             d - amulet of regeneration
HPRegen  0.53/turn              h - +6 ring of strength
MPRegen  0.17/turn              v - ring of wizardry

@: about to teleport, barbed spikes, quick
A: very small, no armour, no weapons or thrown items, stealth, claws 1, fangs 3,
see invisible, carnivore, speed 1, shaggy fur 2, slow metabolism 1, sharp paws
a: Renounce Religion


You were on level 11 of the Dungeon.
You worshipped Vehumet.
Vehumet was most pleased with you.
You were not hungry.

You visited 2 branches of the dungeon, and saw 12 of its levels.
You also visited: Sewer.

You collected 679 gold pieces.

Inventory:

Jewellery
 c - an uncursed ring of poison resistance
 d - an amulet of regeneration (around neck)
 h - a +6 ring of strength (left paw)
 v - a ring of wizardry (right paw)
 B - an uncursed amulet of magic regeneration
Wands
 p - a wand of enslavement (18)
 w - a wand of polymorph (6)
 x - a wand of clouds (6)
 y - a wand of flame (17)
Scrolls
 a - 3 scrolls of magic mapping
 e - a scroll of holy word {unknown}
 g - 8 scrolls of remove curse
 i - 4 scrolls of amnesia
 j - 2 scrolls of brand weapon {unknown}
 l - 6 scrolls of teleportation
 q - 2 scrolls of fear
 A - a scroll of vulnerability {unknown}
 C - 2 scrolls of fog {unknown}
Potions
 f - a potion of ambrosia
 k - a potion of heal wounds
 m - a potion of haste
 n - 2 potions of invisibility
 o - 2 potions of mutation
 r - 6 potions of flight
 s - a potion of magic
 t - 2 potions of resistance {unknown}
 u - 2 potions of berserk rage
 z - a potion of cancellation {unknown}
 E - a potion of brilliance {unknown}
Comestibles
 b - 26 rations
 D - 3 chunks of flesh


   Skills:
 + Level 5.2 Fighting
 + Level 5.2 Dodging
 + Level 5.4 Stealth
 + Level 7.1 Unarmed Combat
 * Level 7.5 Spellcasting
 * Level 8.2 Conjurations
 + Level 7.6 Hexes
 + Level 7.3 Translocations


You had 12 spell levels left.
You knew the following spells:

 Your Spells              Type           Power        Failure   Level  Hunger
a - Magic Dart            Conj           ####         1%          1    None
b - Searing Ray           Conj           #####.       1%          2    None
c - Fulminant Prism       Conj/Hex       #####.....   1%          4    ###....
d - Iskenderun's Mystic   Conj/Tloc      #####...     1%          4    ###....

Your spell library contained the following spells:

 Spells                   Type           Power        Failure   Level  Hunger
 Mephitic Cloud           Conj/Pois/Air  ###.....     1%          3    #......
 Corona                   Hex            #####..      1%          1    None
 Ensorcelled Hibernation  Hex/Ice        ###...       1%          2    None
 Slow                     Hex            #####...     1%          2    None
 Confusing Touch          Hex            #####...     1%          3    #......
 Dazzling Flash           Conj/Hex       #####.       1%          3    #......
 Inner Flame              Hex/Fire       ###.....     1%          3    #......
 Tukima's Dance           Hex            #####...     1%          3    #......
 Cause Fear               Hex            #####.....   1%          4    ###....
 Yara's Violent Unravell  Hex/Tmut       ###.......   7%          5    #####..
 Leda's Liquefaction      Hex/Erth       ###.......   9%          4    ###....
 Silence                  Hex/Air        ###.......   22%         5    #####..
 Discord                  Hex            #####.....   100%        8    #######
 Portal Projectile        Hex/Tloc       Unusable     N/A         3    N/A

Dungeon Overview and Level Annotations

Branches:
Dungeon (11/15)            Temple (1/1) D:5            Lair (0/6) D:11
    Orc (0/2) D:10          Sewer (visited)

Altars:
Ashenzari
Cheibriados
Dithmenos
Elyvilon
Fedhas
Gozag
Hepliaklqana
Kikubaaqudgha
Makhleb
Nemelex Xobeh
Okawaru
Qazlal
Ru
Sif Muna
Trog
Uskayaw
Vehumet
Wu Jian
Xom
Yredelemnul
Zin
The Shining One

Shops:
D:4 %   D:6 :   D:10 }   D:11 *

Annotations:
D:4 2 transporters, Thomus's ghost, novice HOFi
D:9 exclusions: centaur warrior and ogre


Innate Abilities, Weirdness & Mutations

You cannot wear armour.
You are incapable of wielding weapons or throwing items.
Your paws allow you to move quietly. (Stealth)
You have sharp claws.
You have razor-sharp teeth.
You have supernaturally acute eyesight. (SInv)
You are carnivorous and can eat meat at any time.
You cover ground quickly.
You are covered in thick fur. (AC +2)
You have a slow metabolism.
Your sharp claws are effective at attacking unaware monsters.


Message History

The manticore flicks its tail.
The volley of spikes hits you!!
The barbed spikes become lodged in your body.
Ouch! That really hurt!
* * * LOW HITPOINT WARNING * * *
The barbs in your skin will harm you if you move.
Continue?
Okay, then.
Unknown command.
Casting: Fulminant Prism (dangerous; 1% risk of failure)
Confirm with . or Enter, or press ? or * to list all spells.
Aiming: Fulminant Prism (dangerous; 1% risk of failure)
Press: ? - help, Dir - move target cursor, f - purple ugly thing
Aim: a purple ugly thing
Okay, then.
As you read the scroll of teleportation, it crumbles to dust.
You feel strangely unstable.
The manticore flicks its tail.
The volley of spikes hits you!!
The barbed spikes become lodged in your body.
You die...

.....##+##+#......#######+###..#.
#............#+##...........#..'.
#......(.....# #...........#..#.
#..oO.>o.....# +...........#'##.
#.......O....# ................
#########....######'##'#####)....
#....#....u........).....
#....#...........o.#.....
#....#..@.o........##'##.
#......................#.
#.........#.##.##..##..'.
....#######.#>##.##..##..#.
.....#§§§§§#....#.....#####.
.....#§...§#H...#.....#.....
..##.#§.∩.§#.##########.....
###..#§...§#................
#..#§...§#................


You could see a purple ugly thing, a manticore (misshapen) and an orc warrior.

Vanquished Creatures
  A hydra (D:10)
  A two-headed ogre (D:9)
  Pikel (D:4)
  A gargoyle (D:10)
  A wraith (D:10)
  A spriggan (D:7)
  A wyvern (D:8)
  A hungry ghost (D:10)
  A two-headed ogre zombie (D:10)
  Duvessa (D:4)
  A porcupine (D:11)
  An orc warrior (D:8)
  4 slaves
  4 sky beasts
  An ice beast (D:8)
  A phantom (D:10)
  4 ogres
  3 centaurs
  A big kobold (D:9)
  A crocodile (D:11)
  5 bullfrogs
  Dowan (D:4)
  11 scorpions
  2 troll zombies (D:10)
  A wyvern skeleton (D:9)
  7 killer bees
  7 wights (D:10)
  A howler monkey (D:4)
  3 crimson imps
  A quasit (D:10)
  2 centaur skeletons (D:4)
  2 jellies (D:7)
  7 hounds
  Crazy Yiuf (D:3)
  A bullfrog skeleton (D:5)
  6 iguanas
  3 orc priests
  6 worker ants
  7 orc wizards
  5 ogre zombies (D:10)
  3 hound skeletons
  A worker ant zombie (D:8)
  4 gnolls
  2 howler monkey skeletons
  11 adders
  4 shadow imps (D:6)
  4 oozes (Sewer)
  An adder skeleton (D:6)
  6 worms
  A dart slug (D:2)
  8 leopard geckos
  39 orcs
  5 giant cockroaches
  7 goblins
  10 hobgoblins
  16 jackals
  12 kobolds
  3 quokkas
  A ball python (Sewer)
  26 bats
  9 frilled lizards
  A goblin skeleton (D:10)
  A goblin zombie (D:10)
  2 hobgoblin skeletons (D:10)
  4 hobgoblin zombies (D:10)
  A jackal skeleton (D:4)
  A leopard gecko zombie (D:8)
  2 orc skeletons (D:10)
  15 orc zombies (D:10)
  7 rats
  5 fungi (D:7)
322 creatures vanquished.

Vanquished Creatures (others)
  61 fulminant prisms
  10 fungi (D:7)
71 creatures vanquished.

Grand Total: 393 creatures vanquished

Notes
Turn   | Place    | Note
-------+----------+-------------------------------------------
     0 | D:1      | KamiKatze the Felid Conjurer began the quest for the Orb.
     0 | D:1      | Reached XP level 1. HP: 7/7 MP: 4/4
   208 | D:1      | Reached XP level 2. HP: 5/11 MP: 6/6
   215 | D:1      | Learned a level 2 spell: Searing Ray
   778 | D:1      | Reached skill level 1 in Unarmed Combat
   848 | D:1      | Reached XP level 3. HP: 10/15 MP: 5/7
  1000 | D:2      | Found a shadowy altar of Dithmenos.
  1312 | D:2      | Reached skill level 4 in Conjurations
  1565 | D:2      | Reached XP level 4. HP: 18/18 MP: 2/8
  1591 | D:2      | Learned a level 4 spell: Fulminant Prism
  1686 | D:3      | Reached skill level 1 in Fighting
  1687 | D:3      | Noticed a sky beast
  1735 | D:3      | Killed a sky beast
  1735 | D:3      | Reached skill level 1 in Hexes
  1735 | D:3      | Reached XP level 5. HP: 14/22 MP: 2/10
  2333 | D:3      | Found a runed translucent door.
  2334 | D:3      | Noticed Crazy Yiuf
  2344 | D:3      | Killed Crazy Yiuf
  2537 | D:3      | Gained mutation: You are covered in thick fur. (AC +2)
                  | [Felid growth]
  2537 | D:3      | Reached XP level 6. HP: 8/25 MP: 7/11
  2990 | D:3      | Learned a level 4 spell: Iskenderun's Mystic Blast
  3045 | D:4      | Found a transporter.
  3071 | D:4      | Noticed Thomus's ghost (novice HOFi)
  3095 | D:4      | Found a transporter.
  3354 | D:4      | Reached skill level 1 in Translocations
  3472 | D:3      | Reached XP level 7. HP: 27/30 MP: 1/13
  3660 | D:4      | Found Sarujei's Food Emporium.
  3674 | D:4      | Noticed Dowan
  3675 | D:4      | Noticed Duvessa
  3783 | D:4      | Reached skill level 5 in Conjurations
  3974 | D:4      | Killed Duvessa
  4238 | D:4      | Killed Dowan
  4302 | D:5      | Entered Level 5 of the Dungeon
  4322 | D:5      | Noticed Pikel
  4438 | D:5      | Found a glowing drain.
  4448 | Sewer    | Entered a sewer
  5195 | D:5      | Found a staircase to the Ecumenical Temple.
  5202 | Temple   | Entered the Ecumenical Temple
  5819 | D:5      | Found the +7 Singing Sword {vorpal, sonic wave}
  6074 | D:4      | Killed Pikel
  6074 | D:4      | Reached XP level 8. HP: 34/34 MP: 5/16
  6480 | D:6      | Found Dixtukao's Book Emporium.
  6485 | D:6      | Reached skill level 5 in Unarmed Combat
  6510 | D:6      | Reached skill level 5 in Spellcasting
  6695 | D:6      | Reached skill level 6 in Conjurations
  7080 | D:6      | Found a radiant altar of Vehumet.
  7081 | D:6      | Found a burning altar of Makhleb.
  7088 | D:6      | Became a worshipper of Vehumet
  7170 | D:7      | Reached skill level 5 in Hexes
  7284 | D:7      | Reached XP level 9. HP: 38/38 MP: 13/18
  7754 | D:8      | Slain by a killer bee
  7755 | D:8      | Reached XP level 8. HP: 1/36 MP: 11/17
  7755 | D:8      | Found a glowing silver altar of Zin.
  7755 | D:8      | Found a faded altar of an unknown god.
  7760 | D:8      | Found a shimmering blue altar of Sif Muna.
  7761 | D:8      | Found a hide-covered altar of Uskayaw.
  7764 | D:8      | Found a shattered altar of Ashenzari.
  7859 | D:8      | You fall into a shaft and drop 3 floors!
  7934 | D:11     | Found a shimmering blue altar of Sif Muna.
  7979 | D:11     | Found Jawk's Changing Room.
  8001 | D:10     | Entered Level 10 of the Dungeon
  8104 | D:10     | Noticed an unseen horror
  8156 | D:10     | Reached skill level 5 in Translocations
  8844 | D:8      | Found a stormy altar of Qazlal.
  8908 | D:8      | Reached XP level 9. HP: 39/39 MP: 11/19
  8916 | D:8      | Reached * piety under Vehumet
  8916 | D:8      | Offered knowledge of Freeze by Vehumet.
  9113 | D:8      | Reached skill level 7 in Conjurations
  9165 | D:8      | Found a white marble altar of Elyvilon.
  9408 | D:9      | Found a sacrificial altar of Ru.
  9462 | D:9      | Noticed a centaur warrior
  9571 | D:9      | Noticed a two-headed ogre
  9671 | D:9      | Killed a two-headed ogre
 10235 | D:10     | Noticed a gargoyle
 10310 | D:10     | Noticed a four-headed hydra
 10706 | D:7      | Found a hazy altar of Hepliaklqana.
 10707 | D:7      | Found a stormy altar of Qazlal.
 10708 | D:7      | Found an opulent altar of Gozag.
 10920 | D:7      | Offered knowledge of Sandblast by Vehumet.
 10932 | D:7      | Reached ** piety under Vehumet
 11090 | D:7      | Reached XP level 10. HP: 43/43 MP: 12/21
 11530 | D:10     | Found Mantyps's Gadget Boutique.
 11603 | D:10     | Killed a gargoyle
 11947 | D:10     | Offered knowledge of Frozen Ramparts by Vehumet.
 11956 | D:10     | Identified the +2 war axe "Hutel" {drain, *Drain Dex+6}
 12132 | D:10     | Reached *** piety under Vehumet
 12293 | D:10     | Reached skill level 5 in Fighting
 12388 | D:10     | Found a staircase to the Orcish Mines.
 12711 | D:10     | HP: 2/44 [four-headed hydra (16)]
 12711 | D:10     | Mangled by a four-headed hydra
 12712 | D:10     | Reached XP level 9. HP: -9/40 MP: 1/20
 12752 | D:10     | Killed a four-headed hydra
 12752 | D:10     | Reached skill level 5 in Stealth
 12752 | D:10     | Reached skill level 8 in Conjurations
 12783 | D:10     | Reached skill level 5 in Dodging
 13151 | D:11     | Noticed a centaur warrior
 13152 | D:11     | Shot with an arrow by a centaur
 13153 | D:11     | Reached XP level 8. HP: -2/37 MP: 20/20
 13295 | D:11     | Found a staircase to the Lair.
 13303 | D:11     | Offered knowledge of Mephitic Cloud by Vehumet.
 13303 | D:11     | Reached XP level 9. HP: 40/40 MP: 15/21
 13359 | D:11     | Noticed a manticore
 13363 | D:11     | Noticed a purple ugly thing
 13364 | D:11     | Killed from afar by a manticore

Illustrated notes

Levels and vault maps discovered:
D:1:      zaba_arrival_water, layout_basic
D:2:      layout_rooms, grunt_dithmenos_smoke
D:3:      layout_basic, uniq_crazy_yiuf_cottage
D:4:      layout_rooms, serial_shops, nicolae_shop_waterfront,
          gammafunk_ghost_stat_death, first_ration, cheibrodos_gnoll_hut,
          uniq_duvessa
D:5:      layout_basic, minmay_temple_entry_tees, portal_sewer_entry_f,
          uniq_pikel
D:6:      layout_rooms, grunt_temple_overflow_lords_of_destruction,
          serial_shops, shop
D:7:      old_forge, layout_basic, grunt_temple_overflow_open, the_bakery
D:8:      layout_cave_pods, chequers_temple_overflow_minitemple,
          elyvilon_altar_3, grunt_qazlal_clouds
D:9:      layout_roguey, overflow_temple_1_default
D:10:     layout_roguey, zombieorc2_lemuel, serial_shops, nicolae_shop_crystal,
          serial_glass, glass_columns_a, glass_columns_a, item_on_display_a,
          due_unseen_surprise, unseen_surprise_small, item_on_display_b,
          amethyst_killhole
D:11:     layout_gridville, minmay_lair_entry_grove, basic_altar,
          gauntlet_entry_generic, hangedman_decor_points,
          nicolae_transmutations_shop
Temple:   cyrus_temple_forest

Skill      XL: |  1  2  3  4  5  6  7  8  9 10 |
---------------+-------------------------------+-----
Dodging        | 3 5 |  5.2
Stealth        | 3 5 |  5.4
Unarmed Combat | 1 2 3 4 6 7 |  7.1
Conjurations   | 4 5 6 8 |  8.2
Fighting       | 1 2 3 4 5 |  5.2
Spellcasting   | 3 4 6 7 |  7.5
Hexes          | 1 2 4 5 6 7 |  7.6
Translocations | 1 3 5 7 |  7.3

Action                   |  1- 3 |  4- 6 |  7- 9 | 10-12 || total
-------------------------+-------+-------+-------+-------++-------
Melee: Unarmed           |    47 |    73 |   127 |    59 ||   306
       Bite              |     4 |     5 |    17 |    14 ||    40
       Punch             |       |     2 |     2 |     4 ||     8
 Cast: Magic Dart        |    60 |    44 |    68 |    49 ||   221
       Searing Ray       |     2 |    26 |   105 |    17 ||   150
       Fulminant Prism   |       |       |    33 |    28 ||    61
       Iskenderun's Myst |       |       |     6 |       ||     6
Evoke: Wand              |       |       |       |     2 ||     2
  Use: Potion            |       |     2 |     2 |       ||     4
       Scroll            |       |       |    20 |       ||    20
 Stab: Sleeping          |     6 |     2 |     8 |       ||    16
  Eat: Chunk             |     9 |     5 |    24 |     3 ||    41
Armor: Skin              |     3 |     7 |    20 |       ||    30
Dodge: Dodged            |    52 |    80 |   203 |    37 ||   372
